 Dungeon Crawl Stone Soup version 0.29.1-1-gd02db6906a (webtiles) character file.

Game seed: 3564791739349003843

17 Zeld the Chopper (level 2, -1/27 HPs)
             Began as a Minotaur Berserker on Oct 14, 2022.
             Was a Follower of Trog.
             Succumbed to a kobold's poison
             ... on level 1 of the Dungeon.
             The game lasted 00:00:43 (654 turns).

Zeld the Chopper (Minotaur Berserker)                Turns: 654, Time: 00:00:44

Health: -1/27      AC:  3    Str: 21    XL:     2   Next: 44%
Magic:  1/1        EV: 12    Int:  4    God:    Trog [*.....]
Gold:   27         SH:  0    Dex:  9    Spells: 1/1 levels left

rFire   . . .      SeeInvis .   a - +0 hand axe
rCold   . . .      Faith    .   (no shield)
rNeg    . . .      Spirit   .   b - +0 animal skin
rPois   .          Reflect  .   (helmet restricted)
rElec   .          Harm     .   (no cloak)
rCorr   .          Rampage  .   f - +0 pair of gloves
Will    .....                   (no boots)
Stlth   +.........              (no amulet)
HPRegen 0.09/turn               (no ring)
MPRegen 0.07/turn               (no ring)

@: lethally poisoned (-1 -> -4), on berserk cooldown, slowed, very slow
A: horns 2, retaliatory headbutt, talons 1, MP-powered wands
a: Renounce Religion, Berserk


You were on level 1 of the Dungeon.
You worshipped Trog.
Trog was aware of your devotion.
You visited 1 branch of the dungeon, and saw 1 of its levels.

You collected 27 gold pieces.

Inventory:

Hand Weapons
 a - a +0 hand axe (weapon)
Armour
 b - a +0 animal skin (worn)
 f - a +0 pair of gloves (worn)
Scrolls
 d - a scroll of fog {unknown}
 e - a scroll of poison {unknown}
 g - a scroll of noise {unknown}
 h - a scroll of magic mapping {unknown}


   Skills:
 + Level 3.8 Fighting
 * Level 4.1 Axes
 + Level 2.7 Armour
 + Level 2.4 Dodging


You had one spell level left.
You didn't know any spells.
Your spell library was empty.

Dungeon Overview and Level Annotations

Branches:
Dungeon (1/15)

Altars:


Innate Abilities, Weirdness & Mutations

You have a pair of horns on your head.
You reflexively headbutt those who attack you in melee.
You have sharp toenails.
You expend magic power (3 MP) to strengthen your wands.


Message History

The kobold hits you with a +1 dagger of venom.
You are lethally poisoned!
You hit the kobold.
You kill the kobold!
Trog accepts your kill.
You feel very sick.
Okay, then.
It was a potion of mutation.
You feel extremely strange.
You feel strong-willed.
You feel agile.
You feel resistant to cold.
* * * LOW HITPOINT WARNING * * *
You feel very sick.
A red film seems to cover your vision as you go berserk!
You feel yourself moving faster!
You feel mighty!
* * * LOW HITPOINT WARNING * * *
You feel very sick.
You feel a strong urge to attack something.
* * * LOW HITPOINT WARNING * * *
You feel sick.
* * * LOW HITPOINT WARNING * * *
You feel sick.
You feel your anger nearly subside.
* * * LOW HITPOINT WARNING * * *
You feel sick.
Things that are here:
a +1 dagger of venom; 4 stones; a kobold corpse You are no longer berserk.
You are exhausted.
You feel yourself slow down.
* * * LOW HITPOINT WARNING * * *
You feel sick.
Okay, then.
There is a lethal amount of poison in your body!
* * * LOW HITPOINT WARNING * * *
You feel sick.
Really quaff the potion of mutation?
You feel extremely strange.
You no longer feel strong-willed.
You feel clumsy.
You no longer feel cold resistant.
Your toenails lengthen and sharpen.
You feel your magical essence link to the dungeon's wands.
You die...

.#.#...###.(...# ..#
#.# .#.##......###.###
#.# #..
.#.##.####(.##...######
#.# # ##.#..#
##.####......### #.# #
#.#.##
#..########...###.#
#.#.# ##.....#
###.....##### #.#.#
#####.### #####...##.
#...# #)..##### #†#....
#†.## #@....... #.###.#
##..#### #........
#.###.# .......#
#........ #.....#
.......# .........
#.....# .......#
######### #......
.......# .........
.......# ###.#####
.......# #..# .......#
#.##


There were no monsters in sight!

Vanquished Creatures
  3 ball pythons (D:1)
  3 bats (D:1)
  2 endoplasms (D:1)
  A giant cockroach (D:1)
  A hobgoblin (D:1)
  A frilled lizard (D:1)
  4 kobolds (D:1)
  A rat (D:1)
16 creatures vanquished.

Vanquished Creatures (others)
  5 toadstools (D:1)
5 creatures vanquished.

Grand Total: 21 creatures vanquished

Notes
Turn   | Place    | Note
-------+----------+-------------------------------------------
     0 | D:1      | Zeld the Minotaur Berserker began the quest for the Orb.
     0 | D:1      | Reached XP level 1. HP: 19/19 MP: 0/0
   253 | D:1      | Reached XP level 2. HP: 27/27 MP: 1/1
   294 | D:1      | Reached skill level 4 in Axes
   453 | D:1      | Found a faded altar of an unknown god.
   647 | D:1      | Gained mutation: You are strong-willed. (Will+) [potion of
                  | mutation]
   647 | D:1      | Gained mutation: You are agile. (Dex +4, Str/Int -1)
                  | [potion of mutation]
   647 | D:1      | Gained mutation: Your flesh is cold resistant. (rC+)
                  | [potion of mutation]
   653 | D:1      | HP: 1/27 [poisoned by a kobold]
   654 | D:1      | Lost mutation: You are strong-willed. (Will+) [potion of
                  | mutation]
   654 | D:1      | Lost mutation: You are agile. (Dex +4, Str/Int -1) [potion
                  | of mutation]
   654 | D:1      | Lost mutation: Your flesh is cold resistant. (rC+) [potion
                  | of mutation]
   654 | D:1      | Gained mutation: You have sharp toenails. [potion of
                  | mutation]
   654 | D:1      | Gained mutation: You expend magic power (3 MP) to
                  | strengthen your wands. [potion of mutation]
   654 | D:1      | Succumbed to a kobold's poison

Illustrated notes

Levels and vault maps discovered:
D:1:      ldierk_walled_garden, layout_rooms,
          shapermc_ecumenical_altar_flowoftime

Skill      XL: |  1  2 |
---------------+-------+-----
Axes           | 4 |  4.1
Fighting       | |  3.8
Armour         | |  2.7
Dodging        | |  2.4

Action                   || total
-------------------------++-------
Melee: Hand axe          ||    27
       Punch             ||     1
       Headbutt          ||     3
Invok: Berserk           ||     1
  Use: Potion            ||     2
Armor: Animal skin       ||     8
Dodge: Dodged            ||    12
